 Dungeon Crawl Stone Soup version 0.21.0 (webtiles) character file.

96 MTVSty1e the Chopper (level 4, -12/40 HPs)
             Began as a Draconian Monk on Jan 7, 2018.
             Killed by divine providence
             ... invoked by an orc priest
              (14 damage)
             ... on level 3 of the Dungeon.
             The game lasted 00:02:12 (2246 turns).

MTVSty1e the Chopper (Draconian Monk)               Turns: 2246, Time: 00:02:14

Health: -12/40     AC:  5    Str: 15    XL:     4   Next: 41%
Magic:  4/4        EV: 19    Int: 10    God:
Gold:   132        SH:  0    Dex: 13    Spells: 3/3 levels left

rFire    . . .     SeeInvis .   a - +0 hand axe
rCold    . . .     Gourm    .   (no shield)
rNeg     . . .     Faith    .   (armour unavailable)
rPois    .         Spirit   .   (helmet restricted)
rElec    .         Reflect  .   (no cloak)
rCorr    .         Harm     .   (no gloves)
MR       .....                  (no boots)
Stlth    ++........             (no amulet)
HPRegen  0.13/turn              i - +6 ring of evasion
MPRegen  0.09/turn              (no ring)

@: flying
A: unfitting armour, cold-blooded, AC +5
a: no special abilities


You were on level 3 of the Dungeon.
You were not hungry.

You visited 1 branch of the dungeon, and saw 3 of its levels.

You collected 132 gold pieces.

Inventory:

Hand Weapons
 a - a +0 hand axe (weapon)
Jewellery
 i - a +6 ring of evasion (left hand)
 k - an uncursed ring of see invisible {unknown}
Scrolls
 c - 2 scrolls of teleportation {unknown}
 d - a scroll of immolation {unknown}
 f - 8 scrolls of identify {unknown}
 g - a scroll of noise {unknown}
 h - 2 scrolls of blinking {unknown}
Potions
 e - 2 potions of curing {unknown}
 l - a potion of resistance {unknown}
 m - a potion of heal wounds {unknown}
Comestibles
 b - 4 rations


   Skills:
 + Level 4.2 Fighting
 * Level 4.6 Axes
 - Level 2.6 Dodging
 - Level 1.7 Stealth


You had 3 spell levels left.
You didn't know any spells.

Dungeon Overview and Level Annotations

Branches:
Dungeon (3/15)

Altars:
Hepliaklqana
Qazlal
Trog
Yredelemnul


Innate Abilities, Weirdness & Mutations

Your plain brown scales are hard. (AC +5)
You cannot fit into any form of body armour.
You are cold-blooded and may be slowed by cold attacks.


Message History

* * * LOW HITPOINT WARNING * * *
You hit the orc priest.
The orc priest is severely wounded.
The orc priest calls down the wrath of Beogh upon you.
Pain shoots through your body!
* * * LOW HITPOINT WARNING * * *
You closely miss the orc priest.
The orc priest is severely wounded.
The orc priest barely misses you.
You barely miss the orc priest.
The orc priest is severely wounded.
The orc priest calls down the wrath of Beogh upon you.
Pain shoots through your body!
* * * LOW HITPOINT WARNING * * *
It was a potion of flight.
You feel very buoyant.
You fly up into the air.
The orc priest mumbles some strange prayers to Beogh against you.
Beogh smites you!
You die... #.# #.# .lo

#o# #o# #o# #####....
#o# ......... #@#
.........# #.#
.........# #.#
........####.#
#..........$#
#...........#######
#####.................#
...............######.#
.........†.....#


You could see an orc priest, 4 orcs and a frilled lizard.

Vanquished Creatures
  3 adders
  An ooze (D:1)
  2 worms (D:2)
  A dart slug (D:2)
  2 leopard geckos (D:3)
  An orc (D:3)
  5 bats
  3 giant cockroaches
  6 goblins
  7 hobgoblins
  3 jackals (D:1)
  8 kobolds
  3 ball pythons
  3 frilled lizards
  6 rats
54 creatures vanquished.

Notes
Turn   | Place    | Note
-------+----------+-------------------------------------------
     0 | D:1      | MTVSty1e the Draconian Monk began the quest for the Orb.
     0 | D:1      | Reached XP level 1. HP: 19/19 MP: 1/1
    32 | D:1      | Reached XP level 2. HP: 24/26 MP: 2/2
   394 | D:1      | Reached XP level 3. HP: 33/33 MP: 3/3
   862 | D:2      | Found a stormy altar of Qazlal.
   865 | D:2      | Found a bloodstained altar of Trog.
   868 | D:2      | Found a basalt altar of Yredelemnul.
   901 | D:2      | Found a hazy altar of Hepliaklqana.
  1793 | D:3      | Reached XP level 4. HP: 25/40 MP: 4/4
  2243 | D:3      | HP: 2/40 [orc priest/nerve-wracking pain (6)]
  2246 | D:3      | Killed from afar by an orc priest

Skill      XL: |  1  2  3 |
---------------+----------+-----
Axes           | 4 |  4.6
Fighting       | 4 |  4.2
Dodging        | |  2.6
Stealth        | |  1.7

Action                   |  1- 3 |  4- 6 || total
-------------------------+-------+-------++-------
Melee: Hand axe          |   125 |    46 ||   171
       Tailslap          |    15 |     4 ||    19
  Use: Potion            |       |     1 ||     1
 Stab: Sleeping          |     7 |       ||     7
  Eat: Ration            |     1 |       ||     1
       Chunk             |     1 |       ||     1
Armor: Skin              |    23 |     5 ||    28
Dodge: Dodged            |    87 |    36 ||   123
